AoeStats
← pascapas

Arena

505109331Analyzed
1v1 RM · 26d ago on Sep 7, 2026· 22m 24s· 2 players
Game mode
Random Map
Map size
Tiny (2 player)
Population
200
Speed
Normal
Resources
Standard
Victory
Conquest
Starting age
Dark Age
Ending age
Imperial Age
RankedLock teamsTeams togetherTeam positionsShared explorationLock speedFull tech treeHidden civsTurbo modeCheats
Victory
Defeat
🇨🇱 Spanish · Chile
932
+15
🇨🇭 Sicilians · Switzerland
909
-30
pascapas
10:45 Feudal Age
11:18 Double-Bit Axe
12:23 Horse Collar
16:07 Wheelbarrow
23:42 Castle Age
StarPlatinumEM
8:48 Loom
10:40 Feudal Age
9:02 Loom
14:56 Castle Age
14:28 Horse Collar
14:34 Double-Bit Axe
Connection lost

Rejoining the realm…

Still unreachable

The connection could not be restored.

Session expired

The server has moved on; the page needs a fresh start.